 Dungeon Crawl Stone Soup version 0.31-a0-801-gc67433417a (webtiles) character file.

Game seed: 1589009859406454877

56 Revguard the Trooper (level 3, -2/29 HPs)
             Began as a Demonspawn Fighter on Sept 20, 2023.
             Slain by an orc priest
             ... wielding a +0 trident
              (6 damage)
             ... on level 4 of the Dungeon.
             The game lasted 00:03:39 (1209 turns).

Revguard the Trooper (Demonspawn Fighter)           Turns: 1209, Time: 00:03:40

Health: -2/29      AC: 11    Str: 18    XL:     3   Next: 71%
Magic:  4/4        EV:  5    Int:  9    God:
Gold:   110        SH:  4    Dex: 12    Spells: 2/2 levels left

rFire   . . .        a - +0 war axe
rCold   . . .        c - +0 buckler
rNeg    . . .        n - +0 plate armour
rPois   .            (no helmet)
rElec   .            (no cloak)
rCorr   .            (no gloves)
SInv    .            (no boots)
Will    +....        (no amulet) Stlth
                     (no ring)
HPRegen 0.24/turn    (no ring)
MPRegen 0.09/turn

%: no passive effects
@: enlightened, flying
A: foul stench 1, demonic touch 1
a: no special abilities


You were on level 4 of the Dungeon.
You visited 1 branch of the dungeon, and saw 3 of its levels.

You collected 110 gold pieces.

Inventory:

Hand Weapons
 a - a +0 war axe (weapon)
Armour
 b - a +0 scale mail
 c - a +0 buckler (worn)
 n - a +0 plate armour (worn)
Scrolls
 g - 2 scrolls of identify {unknown}
 h - a scroll of vulnerability {unknown}
 i - a scroll of enchant armour {unknown}
 k - a scroll of poison {unknown}
 l - a scroll of torment {unknown}
 o - a scroll of enchant weapon {unknown}
 q - a scroll of teleportation {unknown}
Potions
 d - a potion of might
 e - a potion of mutation {unknown}
 f - a potion of enlightenment
 j - a potion of curing {unknown}
 m - a potion of heal wounds {unknown}
 p - a potion of berserk rage {unknown}


   Skills:
 * Level 3.4 Fighting
 + Level 2.0 Axes
 + Level 3.0 Armour
 + Level 0.6 Dodging
 * Level 3.0 Shields
 + Level 1.5 Invocations
 + Level 0.6 Evocations


You had 2 spell levels left.
You didn't know any spells.
Your spell library contained the following spells:

 Spells                   Type           Power      Damage    Failure   Level
 Dazzling Flash           Conj/Hex       0%         N/A       100%        3
 Agony                    Necr           0%         N/A       100%        5
 Silence                  Hex/Air        0%         N/A       100%        5


Dungeon Overview and Level Annotations

Branches:
Dungeon (2/15)

Altars:


Innate Abilities, Weirdness & Mutations

You may rarely emit foul miasma when damaged in melee.
Your touch may inflict minor irresistible damage on your foes.


Message History

Things that are here:
a +0 falchion; 2 boomerangs
q - a scroll labelled DEMEIGI MOMOYB An orc comes into view.
It is wielding a +0 whip.
The orc shouts!
You hear a shout!
An orc and an orc priest come into view.
The orc shouts!
A goblin comes into view. It is wielding a +0 dagger.
A hobgoblin comes into view.
Found a stone staircase leading up.
The hobgoblin shouts!
The goblin shouts!
You hear a bark!
You barely miss the orc. The orc hits you but does no damage.
A goblin comes into view. It is wielding a +0 club.
The goblin shouts!
The orc hits you but does no damage. x2
The orc priest hits you but does no damage.
You completely miss the orc priest. You hit the orc but do no damage.
You hit the orc. The orc hits you with a +0 whip.
The orc priest mumbles some strange prayers to Beogh against you.
Beogh smites you! You block the orc's attack.
You hit the orc priest.
The orc priest is lightly wounded.
You hit the orc. You hit the hobgoblin. You hit the goblin.
You kill the goblin!
You barely miss the orc. The hobgoblin hits you.
The orc hits you but does no damage.
An endoplasm comes into view.
The orc completely misses you.
The orc priest hits you with a +0 trident.
* * * LOW HITPOINT WARNING * * *
The orc hits you but does no damage. You block the orc's attack.
The hobgoblin hits you but does no damage.
The orc priest hits you with a +0 trident.
* * * LOW HITPOINT WARNING * * *
It was a potion of enlightenment.
You feel very buoyant.
You fly up into the air.
The endoplasm quivers.
The orc priest hits you with a +0 trident.
You die...

#.....#.......#
#.##....##...#.#.# '
..#......#)..###.. #.##
#.##..#..........#
#...###..#..##.......###
#...g....#.###...##.....
+.......##........#+#...
#.....o.o.......#.+ ...
#.....o@.#......### ..
####.#g)##......#
#....##.##..## #....#..#
#.# #..#<#... ...
#...###.## .. .J### ..


You could see an orc priest, 2 orcs, an endoplasm, a hobgoblin and a goblin.

Vanquished Creatures
  An adder (D:2)
  A worm (D:2)
  A dart slug (D:1)
  2 orcs (D:4)
  2 endoplasms
  A giant cockroach (D:2)
  4 goblins
  2 hobgoblins
  6 jackals
  A kobold (D:1)
  2 quokkas (D:2)
  4 ball pythons
  4 bats
  5 rats
36 creatures vanquished.

Notes
Turn   | Place    | Note
-------+----------+-------------------------------------------
     0 | D:1      | Revguard the Demonspawn Fighter began the quest for the
                  | Orb.
     0 | D:1      | Reached XP level 1. HP: 18/18 MP: 1/1
   154 | D:1      | Gained mutation: You may rarely emit foul miasma when
                  | damaged in melee. [demonic ancestry]
   154 | D:1      | Reached XP level 2. HP: 24/24 MP: 2/2
   488 | D:1      | Reached skill level 1 in Invocations
   958 | D:2      | Gained mutation: Your touch may inflict minor irresistible
                  | damage on your foes. [demonic ancestry]
   958 | D:2      | Reached XP level 3. HP: 25/29 MP: 3/3
  1142 | D:2      | You fall into a shaft and drop 2 floors!
  1209 | D:4      | Slain by an orc priest

Illustrated notes

Levels and vault maps discovered:
D:1:      dpeg_arrival_rooms_c, layout_basic, patterned_corridor
D:2:      layout_loops_ring
D:4:      layout_cave_pools, nicolae_yredelemnul_corpse_copse,
          mainiacjoe_overflow_24_doors, ebering_ghost_reflecting_pool,
          serial_shops, nicolae_shop_behind_doors, kennysheep_nub,
          minmay_liquid_box, chequers_decorated_corner, uniq_menkaure

Skill      XL: |  1  2  3 |
---------------+----------+-----
Invocations    | 1 |  1.5
Axes           | 2 |  2.0
Shields        | 3 |  3.0
Armour         | 3 |  3.0
Fighting       | |  3.4
Dodging        | |  0.6
Evocations     | |  0.6

Action                     || total
---------------------------++-------
  Melee: War axe           ||    84
    Use: Potion            ||     1
 Armour: Scale mail        ||    52
         Plate armour      ||    36
  Dodge: Dodged            ||    43
  Block: Buckler           ||    25

Table legend: (Time is in decaauts)
 A = Elapsed time spent in this place.
 B = Non-inter-level travel time spent in this place.
 C = Inter-level travel time spent in this place.
 D = Time resting spent in this place.
 E = Time spent auto-exploring this place.
 F = Levels seen in this place.
 G = Mean time per level.
                   A        B        C        D        E       F      G
               +--------+--------+--------+--------+--------+-----+--------+
         Total |   1246 |   1218 |     28 |      0 |    883 |   3 |  415.3 |
       Dungeon |   1246 |   1218 |     28 |      0 |    883 |   3 |  415.3 |
               +--------+--------+--------+--------+--------+-----+--------+

Top non-repeatable levels by time:
     D:1: 861 daAuts
     D:2: 315 daAuts
     D:4: 69 daAuts
